 Dungeon Crawl Stone Soup version 0.29.1-2-gbd0b4ee654 (webtiles) character file.

Game seed: 15860955460390058387

9 MisterFreud the Ducker (level 2, 0/21 HPs)
             Began as a Felid Berserker on Oct 24, 2022.
             Was a Follower of Trog.
             Frozen to death by an endoplasm (4 damage)
             ... on level 1 of the Dungeon.
             The game lasted 00:00:24 (233 turns).

MisterFreud the Ducker (Felid Berserker)             Turns: 233, Time: 00:00:25

Health: 0/21       AC:  1    Str: 13    XL:     2   Next: 6%
Magic:  3/3        EV: 18    Int:  8    God:    Trog [*.....]
Gold:   5          SH:  0    Dex: 15    Spells: 1/1 levels left
                                        Lives:  0   Deaths: 0

rFire   . . .      SeeInvis +     - Unarmed
rCold   . . .      Faith    .   (shield unavailable)
rNeg    . . .      Spirit   .   (body armour unavailable)
rPois   .          Reflect  .   (helmet unavailable)
rElec   .          Harm     .   (cloak unavailable)
rCorr   .          Rampage  .   (gloves unavailable)
Will    .....                   (boots unavailable)
Stlth   ..........              (no amulet)
HPRegen 0.07/turn               (no ring)
MPRegen 0.08/turn               (no ring)

@: berserking, very quick
A: very small, claws 1, fangs 3, see invisible, speed 1, shaggy fur 1, stealthy
paws, no weapons or thrown items, no armour, multi-lived
a: Renounce Religion, Berserk


You were on level 1 of the Dungeon.
You worshipped Trog.
Trog was aware of your devotion.
You visited 1 branch of the dungeon, and saw 1 of its levels.

You collected 5 gold pieces.

Inventory:

Scrolls
 a - a scroll of noise {unknown}
Potions
 b - a potion of attraction {unknown}


   Skills:
 - Level 3.0 Fighting
 - Level 4.0 Dodging
 + Level 1.7 Stealth
 + Level 3.3 Unarmed Combat


You had one spell level left.
You didn't know any spells.
Your spell library was empty.

Dungeon Overview and Level Annotations

Branches:
Dungeon (1/15)

Altars:


Innate Abilities, Weirdness & Mutations

You have sharp claws.
You have razor-sharp teeth.
You have supernaturally acute eyesight. (SInv)
You cover ground quickly. (Speed+)
You are covered in fur. (AC +1)
Your paws help you pounce on unaware monsters.
You are incapable of wielding weapons or throwing items.
You cannot wear armour.
You gain extra lives every three experience levels.


Message History

The kobold throws a stone.
The stone misses you.
The goblin shouts!
There are monsters nearby!
You scratch the goblin.
You kill the goblin!
Trog accepts your kill.
The kobold shouts!
There are monsters nearby!
The kobold throws a stone.
The stone barely misses you.
The stone barely misses the kobold.
A hobgoblin comes into view.
You see here a +0 dagger.
There are monsters nearby!
You scratch the bat.
The bat is severely wounded.
The bat hits you but does no damage. The kobold closely misses you.
You claw the kobold!
You kill the kobold!
Trog accepts your kill. The bat hits you.
The kobold throws a stone.
The stone hits you.
You have reached level 2!
You see here a +0 short sword.
The bat misses you.
The kobold throws a stone.
The stone barely misses you. The bat completely misses you.
You scratch the hobgoblin but do no damage.
The hobgoblin hits you.
You closely miss the hobgoblin. Your claw misses the hobgoblin.
You are too injured to fight recklessly!
You are too injured to fight recklessly!
You closely miss the hobgoblin. The hobgoblin closely misses you.
A red film seems to cover your vision as you go berserk!
You feel yourself moving faster!
You feel mighty! The hobgoblin hits you.
* * * LOW HITPOINT WARNING * * *
You claw the hobgoblin!
You kill the hobgoblin!
Trog accepts your kill.
You barely miss the endoplasm. The endoplasm freezes you.
You are frozen.
You die...

............#.. . .
....$........ .. ..
...K.....# ..
...####.......#.#.
.................. #
#........J..##
###....##..###)..# [..#.
#...#####.###... ...
#......@JK.......
...#+#.##......###.......
#................##......#
............###...#..)...#
.#.........##.............
.#........##.....##.......
.#.......##......# #.####.
#.......##....##.# .
#......##........#


You could see an endoplasm and a kobold.

Vanquished Creatures
  A bat (D:1)
  An endoplasm (D:1)
  3 goblins (D:1)
  A hobgoblin (D:1)
  A kobold (D:1)
7 creatures vanquished.

Notes
Turn   | Place    | Note
-------+----------+-------------------------------------------
     0 | D:1      | MisterFreud the Felid Berserker began the quest for the
                  | Orb.
     0 | D:1      | Reached XP level 1. HP: 10/10 MP: 2/2
    37 | D:1      | Reached skill level 1 in Stealth
   222 | D:1      | Reached XP level 2. HP: 10/14 MP: 3/3
   233 | D:1      | Frozen to death by an endoplasm

Illustrated notes

Levels and vault maps discovered:
D:1:      lightli_arrival_maybe_door_vault, layout_basic, nrook_mini_backslash

Skill      XL: |  1 |
---------------+----+-----
Stealth        | 1 |  1.7
Fighting       | |  3.0
Dodging        | |  4.0
Unarmed Combat | |  3.3

Action                   || total
-------------------------++-------
Melee: Unarmed           ||    24
       Bite              ||     3
Invok: Berserk           ||     1
Armor: Skin              ||     3
Dodge: Dodged            ||    20
